[Event "Titled Tuesday Blitz February 21 Late 2023"]
[White "Perez Ponsa, Federico"]
[Black "Javakhadze, Zurab"]
[WhiteFideId "117927"]
[BlackFideId "13603647"]
[WhiteElo "2532"]
[BlackElo "2459"]
[Result "0-1"]
[Round "04"]
[TimeControl "180+2"]
[Date "2023.02.21"]
[WhiteClock "0:00:03"]
[BlackClock "0:00:08"]

1. e4 e5 2. Nf3 Nc6 3. d4 exd4 4. Nxd4 Bc5 5. Nb3 Bb6 6. Qe2 Nge7 7. Nc3 O-O 8. Be3 f5 9. O-O-O d6 10. f4 fxe4 11. Bxb6 axb6 12. Qxe4 Bf5 13. Bc4+ Kh8 14. Qf3 Ng6 15. g3 Qd7 16. h3 Nge5 17. fxe5 Bxc2 18. e6 Qe7 19. Qe3 Bxd1 20. Nd5 Rf3 21. Nxe7 Rxe3 22. Nd5 Bxb3 23. Nxe3 Bxc4 24. Nxc4 Re8 25. Re1 g6 26. g4 Kg7 27. g5 Nd4 28. Re4 Nxe6 29. Ne3 c6 30. Rb4 b5 31. a4 Nc5 32. Kd2 Nxa4 33. h4 Nc5 34. h5 Ne4+ 35. Kc2 Nxg5 36. Ng4 gxh5 37. Nf2 Re2+ 38. Kb3 Rxf2 39. Ka3 Rf3+ 40. b3 Ne6 41. Rh4 Kg6 42. Kb4 Rf4+ 0-1


[Site "https://www.chess.com"]

[Event "Titled Tuesday Blitz February 21 Late 2023"]
[White "Timmermans, Mark"]
[Black "Livaic, Leon"]
[WhiteFideId "1026399"]
[BlackFideId "14531534"]
[WhiteElo "2392"]
[BlackElo "2579"]
[Result "1/2-1/2"]
[Round "04"]
[TimeControl "180+2"]
[Date "2023.02.21"]
[WhiteClock "0:00:16"]
[BlackClock "0:00:13"]

1. e4 d5 2. exd5 Qxd5 3. Nc3 Qd6 4. d4 Nf6 5. Nf3 c6 6. g3 Bg4 7. Bg2 g6 8. O-O Bg7 9. Bf4 Qd8 10. h3 Bxf3 11. Bxf3 O-O 12. Qd2 e6 13. Rad1 Nbd7 14. a4 Re8 15. Rfe1 Qa5 16. b3 Bf8 17. Ne4 Qxd2 18. Bxd2 Nxe4 19. Bxe4 Bg7 20. a5 a6 21. Be3 Nf6 22. Bf3 Rad8 23. c4 Bf8 24. Bg5 Be7 25. b4 h6 26. Bxf6 Bxf6 27. d5 Bc3 28. Rf1 cxd5 29. cxd5 e5 30. Rb1 e4 31. Be2 Rxd5 32. b5 axb5 33. Bxb5 Re7 34. a6 bxa6 35. Bxa6 e3 36. fxe3 Rxe3 37. Rb8+ Kg7 38. Rb7 Rf5 39. Rxf5 gxf5 40. Bc4 Rxg3+ 41. Kh2 Be5 42. Rxf7+ Kg6 43. Re7 Re3+ 44. Kg2 f4 45. Bd5 Kf6 46. Re6+ Kg5 47. Bf3 h5 48. Re8 h4 49. Rg8+ Kf5 50. Rg4 Bf6 51. Rg8 Rc3 52. Re8 Rc2+ 53. Re2 Rb2 54. Rxb2 Bxb2 55. Kf2 Ke5 56. Ke2 Kd4 57. Bc6 Ba3 58. Kf3 Ke5 59. Bd7 Kd6 60. Bg4 Ke5 61. Bh5 Kf5 62. Bg4+ Kg5 63. Bd7 Bc5 64. Bg4 Ba3 65. Bd7 Bc5 66. Bg4 Ba3 1/2-1/2


[Site "https://www.chess.com"]

[Event "Titled Tuesday Blitz February 21 Late 2023"]
[White "Darini, Pouria"]
[Black "Indjic, Aleksandar"]
[WhiteFideId "12502200"]
[BlackFideId "911925"]
[WhiteElo "2401"]
[BlackElo "2618"]
[Result "0-1"]
[Round "04"]
[TimeControl "180+2"]
[Date "2023.02.21"]
[WhiteClock "0:00:01"]
[BlackClock "0:00:14"]

1. d4 Nf6 2. Bf4 e6 3. e3 c5 4. c3 Nc6 5. Nd2 d5 6. Ngf3 cxd4 7. exd4 Nh5 8. Be3 Bd6 9. Ne5 g6 10. f4 f6 11. Nd3 Qc7 12. g3 O-O 13. Bg2 Bd7 14. O-O Ng7 15. Rc1 Kh8 16. Kh1 b5 17. Nb3 h5 18. Nbc5 Ne7 19. Nxd7 Qxd7 20. b4 a5 21. Nc5 Bxc5 22. bxc5 Ngf5 23. Bf2 Nc6 24. Re1 b4 25. c4 dxc4 26. d5 exd5 27. Qxd5 Qxd5 28. Bxd5 Rac8 29. Rxc4 Rfd8 30. Bf3 Rd3 31. Kg2 Kg7 32. Re6 Ncd4 33. Be4 Rd2 34. Bxf5 Nxf5 35. c6 Kf7 36. Re1 Rxa2 37. c7 b3 38. Kg1 Ne7 39. Rce4 Nd5 40. Bc5 Rxc7 41. Bd6 Rd7 42. Bc5 b2 43. R4e2 Ra1 0-1


[Site "https://www.chess.com"]

[Event "Titled Tuesday Blitz February 21 Late 2023"]
[White "Gholami Orimi, Mahdi"]
[Black "Martinez Ramirez, Lennis"]
[WhiteFideId "12558486"]
[BlackFideId "3509079"]
[WhiteElo "2420"]
[BlackElo "2426"]
[Result "1/2-1/2"]
[Round "04"]
[TimeControl "180+2"]
[Date "2023.02.21"]
[WhiteClock "0:00:06"]
[BlackClock "0:00:05"]

1. d4 d5 2. c4 dxc4 3. e3 Nf6 4. Bxc4 e6 5. Nf3 c5 6. O-O a6 7. a4 Nc6 8. Nc3 cxd4 9. exd4 Nb4 10. Qb3 Be7 11. Bg5 Nc6 12. Bxf6 Bxf6 13. d5 Na5 14. Qa2 Nxc4 15. Qxc4 O-O 16. Rfd1 Bxc3 17. dxe6 Bxe6 18. Qxc3 Qf6 19. Qxf6 gxf6 20. Rd6 Rfd8 21. Rad1 Rxd6 22. Rxd6 Rc8 23. h3 Rc4 24. Rd4 Rc1+ 25. Kh2 Rc2 26. Rd2 Rxd2 27. Nxd2 Kf8 28. b4 Ke7 29. Ne4 Bd5 30. Nc3 Bc4 31. Kg3 Kd6 32. f4 f5 33. a5 Bf1 34. Kf2 Bc4 35. g3 h5 36. h4 Kc6 37. Ke3 f6 38. Kd4 Bf1 39. Nd5 Kb5 40. Kc3 Be2 41. Nxf6 Kc6 42. Kd4 Kb5 43. Kc3 Kc6 44. Nh7 Kd5 45. Nf6+ Kc6 1/2-1/2


[Site "https://www.chess.com"]

[Event "Titled Tuesday Blitz February 21 Late 2023"]
[White "Hnydiuk, Aleksander"]
[Black "Li, Ruifeng"]
[WhiteFideId "1109057"]
[BlackFideId "2061074"]
[WhiteElo "2363"]
[BlackElo "2541"]
[Result "0-1"]
[Round "04"]
[TimeControl "180+2"]
[Date "2023.02.21"]
[WhiteClock "0:00:12"]
[BlackClock "0:02:27"]

1. d4 b6 2. e4 Bb7 3. Bd3 e6 4. Nf3 d6 5. O-O Nd7 6. a4 a6 7. c4 h6 8. Nc3 g5 9. a5 Bg7 10. axb6 cxb6 11. Re1 g4 12. Nd2 Bxd4 13. Qxg4 Ne5 14. Qe2 Qh4 15. Nf3 Bxf2+ 16. Qxf2 Qxf2+ 17. Kxf2 Nxd3+ 18. Kf1 Nxe1 19. Kxe1 Nf6 20. Nd2 Rg8 21. Kf2 Ng4+ 22. Ke2 Nxh2 0-1


[Site "https://www.chess.com"]

[Event "Titled Tuesday Blitz February 21 Late 2023"]
[White "Ehlvest, Jaan"]
[Black "Rustemov, Alexander"]
[WhiteFideId "4500016"]
[BlackFideId "4119002"]
[WhiteElo "2530"]
[BlackElo "2525"]
[Result "0-1"]
[Round "04"]
[TimeControl "180+2"]
[Date "2023.02.21"]
[WhiteClock "0:00:02"]
[BlackClock "0:00:15"]

1. e4 e6 2. d4 d5 3. Nc3 dxe4 4. Nxe4 Bd7 5. Nf3 Bc6 6. Bd3 Nd7 7. O-O Ngf6 8. Ned2 Be7 9. c4 O-O 10. b3 b6 11. Bb2 Bb7 12. Re1 c5 13. Bc2 Re8 14. Qe2 Qc7 15. Rad1 Rad8 16. dxc5 bxc5 17. h3 h6 18. Nf1 Nb8 19. Ng3 Nc6 20. Ne4 Nd7 21. Qe3 Nf8 22. Qc3 f6 23. Qe3 Rxd1 24. Rxd1 Nb4 25. Bb1 Rd8 26. Rxd8 Qxd8 27. Qe2 Nc6 28. Bc2 e5 29. Ng3 Nd4 30. Bxd4 cxd4 31. Nf5 Bc5 32. h4 Ne6 33. g3 Qd7 34. h5 Qc6 35. N5h4 Ng5 36. Bd1 e4 37. Nxg5 hxg5 38. Nf5 Qe6 39. Qg4 Kf8 40. b4 Bc8 41. bxc5 Qxf5 42. Qe2 Qe5 43. c6 f5 44. Bb3 Qc5 45. h6 gxh6 46. Qh5 Qxc6 47. c5 Qf6 48. c6 d3 49. c7 f4 0-1


[Site "https://www.chess.com"]

[Event "Titled Tuesday Blitz February 21 Late 2023"]
[White "Vachier-Lagrave, Maxime"]
[Black "Kobo, Ori"]
[WhiteFideId "623539"]
[BlackFideId "2812320"]
[WhiteElo "2742"]
[BlackElo "2559"]
[Result "1-0"]
[Round "04"]
[TimeControl "180+2"]
[Date "2023.02.21"]
[WhiteClock "0:00:08"]
[BlackClock "0:00:01"]

1. e4 g6 2. d4 Bg7 3. Nc3 d6 4. Be3 a6 5. h4 h6 6. Qd2 b5 7. f3 Bb7 8. Nge2 Nd7 9. O-O-O Ngf6 10. g4 Nb6 11. Ng3 h5 12. g5 Nfd7 13. Kb1 c5 14. Qf2 b4 15. Nce2 Nc4 16. Bc1 Qc7 17. Bh3 Ndb6 18. Rhe1 O-O 19. f4 cxd4 20. Nxd4 Qc5 21. Re2 Na4 22. Rd3 a5 23. Ne6 fxe6 24. Bxe6+ Kh7 25. Qxc5 Nxc5 26. Bxc4 Nxd3 27. cxd3 Ba6 28. b3 a4 29. Kc2 Bxc4 30. dxc4 Ra6 31. Nf1 Bd4 32. f5 gxf5 33. exf5 Rxf5 34. Rxe7+ Kg8 35. Ng3 axb3+ 36. axb3 Rf3 37. Nxh5 Ra2+ 38. Kb1 Ra1+ 39. Kc2 Ra2+ 40. Kb1 Ra1+ 41. Kc2 Rc3+ 42. Kd2 Raxc1 43. g6 R1c2+ 44. Kd1 Rc1+ 45. Kd2 R1c2+ 46. Kd1 Rf2 47. Re4 Rf1+ 48. Ke2 Rf2+ 49. Kd1 Rd3+ 50. Ke1 Rf5 51. Ke2 1-0


[Site "https://www.chess.com"]

[Event "Titled Tuesday Blitz February 21 Late 2023"]
[White "Sarana, Alexey"]
[Black "The_Sherman_Variation"]
[WhiteFideId "24133795"]
[WhiteElo "2685"]
[BlackElo "2501"]
[Result "1-0"]
[Round "04"]
[TimeControl "180+2"]
[Date "2023.02.21"]
[WhiteClock "0:01:19"]
[BlackClock "0:00:16"]

1. d4 Nf6 2. c4 c5 3. d5 b5 4. cxb5 e6 5. Nc3 exd5 6. Nxd5 Bb7 7. Nxf6+ Qxf6 8. Nf3 Be7 9. Bg5 Qxb2 10. Bxe7 Bxf3 11. Bg5 Bb7 12. Qc1 Qe5 13. Bf4 Qd4 14. e3 Qb4+ 15. Qd2 Qxd2+ 16. Kxd2 O-O 17. Bd6 Rc8 18. Rc1 a6 19. b6 a5 20. Rxc5 Rxc5 21. Bxc5 Na6 22. Bd4 Rc8 23. Bb5 Nb4 24. Rc1 Rxc1 25. Kxc1 Nxa2+ 26. Kb2 Nb4 27. f3 d6 28. Kb3 Nc6 29. Bc3 g5 30. Ka4 Kf8 31. Bxa5 Ke7 32. Bc3 Ke6 33. Bd3 h6 34. Kb5 Nb8 35. Be4 d5 36. Bc2 Ba6+ 37. Ka5 Kd6 38. f4 gxf4 39. exf4 Bf1 40. Be5+ Kc6 41. Bxb8 Bxg2 42. Be5 Kb7 43. Bd3 h5 44. Ba6+ 1-0


[Site "https://www.chess.com"]

[Event "Titled Tuesday Blitz February 21 Late 2023"]
[White "Kramnik, Vladimir"]
[Black "Manelyuk, Daniil"]
[WhiteFideId "4101588"]
[BlackFideId "44173920"]
[WhiteElo "2753"]
[BlackElo "2302"]
[Result "1/2-1/2"]
[Round "04"]
[TimeControl "180+2"]
[Date "2023.02.21"]
[WhiteClock "0:00:02"]
[BlackClock "0:00:03"]

1. Nf3 c5 2. b3 Nc6 3. Bb2 d6 4. d4 cxd4 5. Nxd4 Nf6 6. Nxc6 bxc6 7. g3 e5 8. Bg2 Bb7 9. O-O Be7 10. c4 Nd7 11. Nc3 O-O 12. Qd2 Nc5 13. Rfd1 a5 14. Ne4 Nxe4 15. Bxe4 f5 16. Bg2 Qc7 17. Bc3 f4 18. Qd3 c5 19. Bxb7 Qxb7 20. f3 fxg3 21. hxg3 a4 22. Rab1 axb3 23. axb3 Ra3 24. Qc2 Qa7 25. Ra1 Rb8 26. Kg2 Rxa1 27. Rxa1 Qb7 28. Rh1 g6 29. Rb1 Bf8 30. b4 cxb4 31. Rxb4 Qc7 32. Rxb8 Qxb8 33. Qe4 Qa7 34. Qd5+ Qf7 35. Qc6 h5 36. Bd2 Qa7 37. Qd5+ Qf7 38. Qd3 Qf5 39. e4 Qe6 40. Bg5 Kf7 41. Qb3 Be7 42. Qb7 Ke8 43. Bxe7 Qxe7 44. Qd5 Kd7 45. c5 Kc7 46. cxd6+ Qxd6 47. Qf7+ Kc6 48. Qe8+ Kc5 49. Kh3 Kd4 50. Qa4+ Ke3 51. Qb3+ Qd3 52. Qb6+ Kxf3 53. Qf6+ Kxe4 54. Qxg6+ Kd4 55. Qd6+ Ke4 56. Qg6+ Kd4 57. Qd6+ Ke4 58. Qg6+ 1/2-1/2


[Site "https://www.chess.com"]

[Event "Titled Tuesday Blitz February 21 Late 2023"]
[White "Aggelis, Nikolaos"]
[Black "Babazada, Khazar"]
[WhiteFideId "4213220"]
[BlackFideId "13413554"]
[WhiteElo "2270"]
[BlackElo "2474"]
[Result "0-1"]
[Round "04"]
[TimeControl "180+2"]
[Date "2023.02.21"]
[WhiteClock "0:00:16"]
[BlackClock "0:02:09"]

1. d4 Nf6 2. g3 g6 3. Bg2 Bg7 4. Nf3 O-O 5. O-O d6 6. b3 Nbd7 7. Bb2 a6 8. a4 Rb8 9. a5 b5 10. axb6 cxb6 11. d5 Bb7 12. c4 b5 13. Qc2 Rc8 14. Qd3 Qb6 15. Nbd2 Nc5 16. Qb1 bxc4 17. bxc4 a5 18. Qa2 a4 19. Rfb1 Qc7 20. Nd4 Ba6 21. Ba3 Ng4 22. e3 Nd3 23. Ne4 Bxc4 24. Qd2 Nc5 25. Bxc5 dxc5 26. Nc6 Bxa1 27. Rxa1 Bxd5 28. Qxd5 Qxc6 0-1


[Site "https://www.chess.com"]

[Event "Titled Tuesday Blitz February 21 Late 2023"]
[White "Kourkoulos-Arditis, Stamatis"]
[Black "Makarian, Rudik"]
[WhiteFideId "4221990"]
[BlackFideId "44105681"]
[WhiteElo "2539"]
[BlackElo "2545"]
[Result "0-1"]
[Round "04"]
[TimeControl "180+2"]
[Date "2023.02.21"]
[WhiteClock "0:00:51"]
[BlackClock "0:02:12"]

1. b3 d5 2. Bb2 Bg4 3. h3 Bh5 4. g4 Bg6 5. Bg2 Nf6 6. e3 e6 7. f4 h5 8. g5 Ne4 9. Nf3 h4 10. Ne5 Bh5 11. Bf3 Bxf3 12. Qxf3 Nd7 13. Rg1 Nxe5 14. Bxe5 Qd7 15. Nc3 O-O-O 16. O-O-O f6 17. gxf6 gxf6 18. Bd4 Ba3+ 19. Kb1 c5 20. Nxe4 dxe4 21. Qxe4 cxd4 22. exd4 Qxd4 23. Qxe6+ Kb8 24. c3 Qd3+ 0-1


[Site "https://www.chess.com"]

[Event "Titled Tuesday Blitz February 21 Late 2023"]
[White "Shapiro, Viktor"]
[Black "Svane, Rasmus"]
[WhiteFideId "4175700"]
[BlackFideId "4657101"]
[WhiteElo "2192"]
[BlackElo "2623"]
[Result "0-1"]
[Round "04"]
[TimeControl "180+2"]
[Date "2023.02.21"]
[WhiteClock "0:00:24"]
[BlackClock "0:00:21"]

1. c4 e6 2. Nc3 d5 3. g3 d4 4. Na4 e5 5. Bg2 Nf6 6. a3 a5 7. d3 Nc6 8. Nf3 Be7 9. Bg5 O-O 10. O-O Re8 11. Rb1 Bf5 12. b4 axb4 13. axb4 e4 14. Nh4 Bd7 15. b5 Ne5 16. dxe4 Nxc4 17. Nf5 Bf8 18. Qxd4 Rxa4 19. Bxf6 gxf6 20. Rfd1 Nb6 21. Qd2 Qc8 22. Rbc1 Bxf5 23. exf5 Re5 24. Qd8 Qxd8 25. Rxd8 Kg7 26. Bxb7 Rxe2 27. Rxc7 Ra1+ 28. Kg2 Raa2 29. h4 Rxf2+ 30. Kh3 h5 0-1


[Site "https://www.chess.com"]

[Event "Titled Tuesday Blitz February 21 Late 2023"]
[White "Ballester Llagaria, Luis Eduardo"]
[Black "Rasulov, Vugar"]
[WhiteFideId "2297620"]
[BlackFideId "13402390"]
[WhiteElo "2298"]
[BlackElo "2523"]
[Result "0-1"]
[Round "04"]
[TimeControl "180+2"]
[Date "2023.02.21"]
[WhiteClock "0:00:06"]
[BlackClock "0:01:12"]

1. e4 g6 2. d4 Bg7 3. Nc3 c6 4. Nf3 d5 5. h3 dxe4 6. Nxe4 Nf6 7. Nxf6+ exf6 8. Bc4 O-O 9. O-O Nd7 10. c3 Nb6 11. Bb3 a5 12. a4 Re8 13. Re1 Nd5 14. Bd2 Be6 15. Qc1 Qb6 16. Ba2 Qc7 17. Bh6 Bxh6 18. Qxh6 Qf4 19. Qxf4 Nxf4 20. Re4 g5 21. Bxe6 Rxe6 22. Rae1 Rxe4 23. Rxe4 Kf8 24. Kh2 Ra6 25. Nd2 Nd3 26. Nc4 Nxf2 27. Re3 b5 28. Nd6 Ra8 29. axb5 cxb5 30. Nxb5 a4 31. Nc7 Rb8 32. Nd5 Nd1 33. Re2 Rxb2 34. Re1 Rb1 35. Ne3 Nxc3 36. Rxb1 Nxb1 37. Nc2 a3 38. Kg3 a2 39. Kf3 Nd2+ 0-1


[Site "https://www.chess.com"]

[Event "Titled Tuesday Blitz February 21 Late 2023"]
[White "Anton Guijarro, David"]
[Black "Richter, Paul"]
[WhiteFideId "2285525"]
[BlackFideId "2046350"]
[WhiteElo "2690"]
[BlackElo "2171"]
[Result "1-0"]
[Round "04"]
[TimeControl "180+2"]
[Date "2023.02.21"]
[WhiteClock "0:00:10"]
[BlackClock "0:00:02"]

1. e4 c5 2. Nf3 d6 3. Nc3 Nf6 4. d4 cxd4 5. Qxd4 Nc6 6. Qd3 g6 7. Nd5 Bg7 8. c3 O-O 9. Be2 Nxd5 10. exd5 Bf5 11. Qb5 Ne5 12. Nxe5 Bxe5 13. Qxb7 Qa5 14. O-O Rab8 15. Qxe7 Qxd5 16. Bf3 Qc4 17. Qxa7 Bxh2+ 18. Kxh2 Qxf1 19. Qd4 Qd3 20. Qxd3 Bxd3 21. b4 Rfe8 22. Be3 Be4 23. Be2 f5 24. a4 Bd5 25. Bd3 Kf7 26. a5 Rec8 27. Bd4 Bc4 28. Bc2 Ra8 29. Ba4 Rcb8 30. Re1 d5 31. Bc5 Bb5 32. Re7+ Kf6 33. Bb3 Bc4 34. Bxc4 dxc4 35. Rxh7 f4 36. Kh3 Rh8 37. Rxh8 Rxh8+ 38. Kg4 Rd8 39. a6 g5 40. b5 Rh8 41. Bd4+ 1-0


[Site "https://www.chess.com"]

[Event "Titled Tuesday Blitz February 21 Late 2023"]
[White "KhalilMousavi98"]
[Black "Moral Garcia, Serafin"]
[BlackFideId "2201925"]
[WhiteElo "2871"]
[BlackElo "2238"]
[Result "1-0"]
[Round "04"]
[TimeControl "180+2"]
[Date "2023.02.21"]
[WhiteClock "0:00:21"]
[BlackClock "0:00:15"]

1. e4 e5 2. Nf3 Nf6 3. Nc3 Nc6 4. h3 g6 5. d4 exd4 6. Nxd4 Bg7 7. Nxc6 bxc6 8. Bc4 O-O 9. O-O d6 10. Re1 Re8 11. Bb3 Nd7 12. Be3 a5 13. Bd4 Rb8 14. Bxg7 Kxg7 15. Qd2 Nc5 16. e5 d5 17. Na4 Ne6 18. Qxa5 Qh4 19. Qc3 Bd7 20. Nc5 Nxc5 21. Qxc5 Rb6 22. a4 Reb8 23. a5 Ra6 24. Ra4 Qg5 25. Qc3 Kg8 26. f4 Qe7 27. Rea1 c5 28. R4a2 c4 29. Ba4 Bxa4 30. Rxa4 Qc5+ 31. Kh2 Qb5 32. b4 cxb3 33. cxb3 c5 34. f5 gxf5 35. Qf3 Qxb3 36. Qxf5 Rb4 37. Rxb4 cxb4 38. Qc8+ Kg7 39. Qxa6 Qc3 40. Qf6+ 1-0


[Site "https://www.chess.com"]

[Event "Titled Tuesday Blitz February 21 Late 2023"]
[White "Urazayev, Arystanbek"]
[Black "Djokic, Mihailo"]
[WhiteFideId "13709810"]
[BlackFideId "976440"]
[WhiteElo "2460"]
[BlackElo "2192"]
[Result "1-0"]
[Round "04"]
[TimeControl "180+2"]
[Date "2023.02.21"]
[WhiteClock "0:01:12"]
[BlackClock "0:00:02"]

1. d4 d5 2. c4 e6 3. Nf3 Nf6 4. Nc3 Be7 5. Bf4 O-O 6. a3 c6 7. e3 Nbd7 8. Rc1 h6 9. Bd3 dxc4 10. Bxc4 b5 11. Bd3 Bb7 12. O-O a6 13. Ne4 Nxe4 14. Bxe4 Nf6 15. Bxc6 Bxc6 16. Rxc6 Qd5 17. Qc2 Rfd8 18. Rc1 a5 19. h3 b4 20. a4 Ne4 21. Ne5 Bf6 22. Nd3 Qf5 23. Nc5 Ng5 24. Qxf5 exf5 25. Nb7 Rd7 26. Rc8+ Rxc8 27. Rxc8+ Kh7 28. Nc5 Rd5 29. Bxg5 hxg5 30. Kf1 g4 31. hxg4 fxg4 32. g3 Bxd4 33. exd4 Rxd4 34. Ke2 Rc4 35. Kd3 Rc1 36. Rc7 Kg6 37. Ne6 Rd1+ 38. Ke2 Rb1 39. Nf4+ Kf6 40. Nd3 g6 41. Rc5 Ra1 42. Rxa5 b3 43. Kd2 Ra2 44. Kc3 Ra1 45. Kxb3 Rd1 46. Kc3 1-0


[Site "https://www.chess.com"]

[Event "Titled Tuesday Blitz February 21 Late 2023"]
[White "Pichot, Alan"]
[Black "Melian, Juan Sebastian"]
[WhiteFideId "110973"]
[BlackFideId "3706575"]
[WhiteElo "2638"]
[BlackElo "2293"]
[Result "1-0"]
[Round "04"]
[TimeControl "180+2"]
[Date "2023.02.21"]
[WhiteClock "0:01:50"]
[BlackClock "0:00:07"]

1. d4 Nf6 2. c4 e6 3. Nf3 Bb4+ 4. Bd2 a5 5. a3 Bxd2+ 6. Qxd2 O-O 7. Nc3 d6 8. e3 Qe7 9. Be2 e5 10. O-O Re8 11. b4 axb4 12. axb4 Rxa1 13. Rxa1 Bg4 14. h3 Bh5 15. Ra7 c6 16. dxe5 dxe5 17. c5 Rd8 18. Rxb7 Rxd2 19. Rxe7 Rc2 20. g4 Bg6 21. Nxe5 Rxc3 22. g5 Kf8 23. gxf6 gxf6 24. Nxg6+ hxg6 25. Rb7 1-0


[Site "https://www.chess.com"]

[Event "Titled Tuesday Blitz February 21 Late 2023"]
[White "Martynov, Pavel"]
[Black "Mekhitarian, Krikor Sevag"]
[WhiteFideId "4101260"]
[BlackFideId "2107660"]
[WhiteElo "2414"]
[BlackElo "2537"]
[Result "0-1"]
[Round "04"]
[TimeControl "180+2"]
[Date "2023.02.21"]
[WhiteClock "0:00:02"]
[BlackClock "0:00:18"]

1. e4 g6 2. d4 Bg7 3. Nc3 a6 4. Nge2 b5 5. a3 Bb7 6. g3 f5 7. Bg2 Nf6 8. Qd3 O-O 9. O-O fxe4 10. Nxe4 Nxe4 11. Bxe4 Bxe4 12. Qxe4 Nc6 13. c3 e6 14. f4 Ne7 15. Be3 c6 16. Nc1 Nd5 17. Bf2 a5 18. Nd3 a4 19. Kg2 Qf6 20. h4 Qf5 21. Qf3 h6 22. Nc5 Rf7 23. Ne4 Bf8 24. Be3 Be7 25. Bd2 Rg7 26. g4 Qf7 27. Kg3 Rf8 28. Rf2 h5 29. Rh1 hxg4 30. Qxg4 Qf5 31. Qxf5 gxf5+ 32. Ng5 Rf6 33. Kf3 Rh6 34. h5 Nf6 35. Rfh2 Ng4 36. Rh3 Kf8 37. Rg1 Nf6 38. Rgh1 Rg8 39. Ke2 Rgh8 40. Kd3 Rxh5 41. Rxh5 Rxh5 42. Rxh5 Nxh5 43. Nf3 Ke8 44. c4 bxc4+ 45. Kxc4 Nf6 46. Ne5 Nd5 47. Nd3 Nb6+ 48. Kc3 Nd5+ 49. Kc4 Bd6 50. b3 Nb6+ 51. Kc3 Bxa3 52. b4 Nd5+ 53. Kc4 Kd8 54. Nc5 Nb6+ 55. Kc3 Kc8 56. Be1 Nd5+ 57. Kc4 Nb6+ 58. Kc3 Bc1 0-1


[Site "https://www.chess.com"]

[Event "Titled Tuesday Blitz February 21 Late 2023"]
[White "Yuan, Qingyu"]
[Black "Danielyan, Vahe"]
[WhiteFideId "8609772"]
[BlackFideId "13304828"]
[WhiteElo "2373"]
[BlackElo "2346"]
[Result "1-0"]
[Round "04"]
[TimeControl "180+2"]
[Date "2023.02.21"]
[WhiteClock "0:00:12"]
[BlackClock "0:00:37"]

1. e4 e5 2. Nf3 Nc6 3. Bb5 g6 4. d4 exd4 5. Bg5 Be7 6. Bxe7 Qxe7 7. O-O Nf6 8. e5 Nh5 9. Re1 O-O 10. Qd2 d6 11. Qh6 dxe5 12. Ng5 f6 13. Bc4+ Kh8 14. Nxh7 Qg7 15. Qxg7+ Kxg7 16. Nxf8 Kxf8 17. Nd2 Bf5 18. c3 Rd8 19. Nb3 Nf4 20. Rad1 Bc2 21. Rd2 Bxb3 22. axb3 Ke7 23. g3 Ne6 24. f4 Kd6 25. b4 a6 26. fxe5+ fxe5 27. b5 axb5 28. Bxb5 Ng5 29. Kg2 e4 30. Bxc6 Nf3 31. Rxe4 Nxd2 32. Rxd4+ Ke7 33. Rxd8 Kxd8 34. Bxb7 Ke7 35. Bd5 Kd6 36. Ba2 Ke5 37. h4 Ke4 38. Kh3 c5 39. Bf7 Kf5 40. b4 cxb4 41. cxb4 Kf6 42. Bd5 Ke5 43. Bg2 Nc4 44. b5 Kf5 45. Bf1 Nb6 46. Bd3+ Kf6 47. Kg4 Nd5 48. Kf3 Nb6 49. Be4 Nc4 50. Bc6 Ke6 51. Kf4 Kf6 52. g4 Kg7 53. Ke4 Kf6 54. Kd4 Nb6 55. Kc5 Na4+ 56. Kd6 g5 57. h5 Kf7 58. Bd5+ Kf6 59. Be4 Kg7 60. Kc7 Kh6 61. Bf5 Nc5 62. b6 1-0


[Site "https://www.chess.com"]

[Event "Titled Tuesday Blitz February 21 Late 2023"]
[White "Fiorito, Francisco"]
[Black "Gorshtein, Ido"]
[WhiteFideId "180165"]
[BlackFideId "2815532"]
[WhiteElo "2305"]
[BlackElo "2514"]
[Result "1-0"]
[Round "04"]
[TimeControl "180+2"]
[Date "2023.02.21"]
[WhiteClock "0:01:33"]
[BlackClock "0:00:27"]

1. d4 Nf6 2. Nc3 d5 3. Bf4 c5 4. e3 a6 5. dxc5 Nc6 6. Nf3 e6 7. Na4 Bxc5 8. Nxc5 Qa5+ 9. c3 Qxc5 10. Bd3 O-O 11. Qc2 h6 12. h3 Re8 13. Ne5 Nxe5 14. Bxe5 Nd7 15. Bg3 e5 16. O-O Nf6 17. Rfd1 b5 18. Bh4 g5 19. Bg3 Bb7 20. Bf5 Rad8 21. Qe2 Kg7 22. h4 Qe7 23. a4 b4 24. a5 bxc3 25. bxc3 Bc8 26. Bxc8 Rxc8 27. hxg5 hxg5 28. Qxa6 Rh8 29. Rab1 Ne4 30. Rb7 Nxg3 31. fxg3 Qc5 32. Qe2 Qxa5 33. Qg4 Qd8 34. Rf1 Rf8 35. Rf5 Rc6 1-0


[Site "https://www.chess.com"]

[Event "Titled Tuesday Blitz February 21 Late 2023"]
[White "Novikov, Evgenij"]
[Black "Pakleza, Zbigniew"]
[WhiteFideId "4125380"]
[BlackFideId "1119290"]
[WhiteElo "2276"]
[BlackElo "2494"]
[Result "0-1"]
[Round "04"]
[TimeControl "180+2"]
[Date "2023.02.21"]
[WhiteClock "0:00:02"]
[BlackClock "0:00:04"]

1. d4 d6 2. e4 Nf6 3. Nc3 c6 4. Nf3 Bg4 5. h3 Bh5 6. a4 e6 7. Be2 d5 8. exd5 cxd5 9. O-O Nc6 10. Ne5 Bxe2 11. Nxe2 Bd6 12. Nxc6 bxc6 13. Bf4 O-O 14. c3 c5 15. Bxd6 Qxd6 16. dxc5 Qxc5 17. Qd4 Qc7 18. Rac1 Rfc8 19. Rc2 h6 20. Rfc1 e5 21. Qh4 Rab8 22. Ng3 Qc4 23. Qxc4 Rxc4 24. b4 a5 25. bxa5 Rxa4 26. c4 d4 27. Nf5 d3 28. Rd2 e4 29. f3 Ra3 30. Rcd1 Rd8 31. Ne7+ Kh7 32. Nd5 Nxd5 33. cxd5 f5 34. fxe4 fxe4 35. Re1 Ra4 36. Kf2 Rxd5 37. Ke3 Rdxa5 38. Rf1 Rg5 39. g4 h5 40. Rf4 hxg4 41. hxg4 Re5 42. Rb2 Ra1 43. Rb4 Re1+ 44. Kd4 Re7 45. Rb2 Rd7+ 46. Kc3 Rc1+ 47. Kd2 Ra1 48. Ke3 Re1+ 49. Kd2 Re2+ 50. Kc3 Rxb2 51. Kxb2 d2 52. Rf1 d1=Q 0-1


[Site "https://www.chess.com"]

[Event "Titled Tuesday Blitz February 21 Late 2023"]
[White "Christiansen, Johan-Sebastian"]
[Black "Krallis, Christos"]
[WhiteFideId "1512668"]
[BlackFideId "4298896"]
[WhiteElo "2579"]
[BlackElo "2344"]
[Result "1-0"]
[Round "04"]
[TimeControl "180+2"]
[Date "2023.02.21"]
[WhiteClock "0:01:50"]
[BlackClock "0:00:21"]

1. e4 d6 2. d4 e5 3. Nf3 exd4 4. Nxd4 Nf6 5. Nc3 Be7 6. Rg1 c5 7. Bb5+ Kf8 8. Nf3 Nc6 9. Bf4 Bg4 10. Be2 Qa5 11. Qd2 Bxf3 12. gxf3 Nd4 13. Rxg7 Nh5 14. Rg4 Nxf4 15. Qxf4 Nxc2+ 16. Kf1 Nxa1 17. Bc4 d5 18. Nxd5 Qd8 19. Qh6+ Ke8 20. Bb5+ 1-0


[Site "https://www.chess.com"]

[Event "Titled Tuesday Blitz February 21 Late 2023"]
[White "Quispe Arteaga, Gabriel"]
[Black "Sztokbant, Bernardo Vainzoff"]
[WhiteFideId "32059809"]
[BlackFideId "2115956"]
[WhiteElo "2381"]
[BlackElo "2213"]
[Result "1-0"]
[Round "04"]
[TimeControl "180+2"]
[Date "2023.02.21"]
[WhiteClock "0:00:36"]
[BlackClock "0:00:10"]

1. c4 c6 2. Nf3 d5 3. e3 Nf6 4. Nc3 g6 5. d4 Bg7 6. b3 O-O 7. Bb2 Re8 8. Be2 Bf5 9. O-O Nbd7 10. Rc1 Ne4 11. Nxe4 Bxe4 12. Nd2 Bf5 13. Bf3 Nf6 14. Re1 Qa5 15. a3 Bh6 16. h4 Rac8 17. b4 Qd8 18. g4 Be6 19. g5 Bg7 20. gxf6 Bxf6 21. Bg4 Qd7 22. Bxe6 Qxe6 23. Qf3 Bxh4 24. Kg2 Bf6 25. cxd5 cxd5 26. Qh3 Qxh3+ 27. Kxh3 e6 28. b5 Be7 29. Nb3 b6 30. Rxc8 Rxc8 31. Rc1 Rxc1 32. Nxc1 Bd6 33. Nd3 f6 34. a4 Kf7 35. Bc3 h5 36. Bb4 Bc7 37. Ba3 e5 38. Bb2 Ke6 39. Nb4 Kd6 40. Nc6 a5 41. dxe5+ fxe5 42. Bxe5+ Kd7 43. Bd4 Ke6 44. f4 Kf5 45. Ne7+ Ke4 46. Nxg6 Kd3 47. f5 Kc4 48. f6 Bd6 49. f7 Kb4 50. Bf6 Kxa4 51. Be7 1-0


[Site "https://www.chess.com"]